 Dungeon Crawl Stone Soup version 0.26-a0-597-gb535b0901c (webtiles) character file.

Game seed: 5886788471285983310

(classic levelgen) 19353 EnegeticOcto the Cleaver (level 12, -15/112 HPs)
             Began as a Deep Dwarf Fighter on Aug 25, 2020.
             Was an Elder of Makhleb.
             Killed from afar by a chaos spawn (16 damage)
             ... with an exploding inner flame
             ... summoned by an orc sorcerer
             ... led by an orc warlord
             ... hexed by the player character
             ... on level 2 of the Orcish Mines.
             The game lasted 00:07:04 (7546 turns).

EnegeticOcto the Cleaver (Deep Dwarf Fighter)       Turns: 7546, Time: 00:07:04

Health: -15/112    AC: 25    Str: 25    XL:     12   Next: 35%
Magic:  4/4        EV:  6    Int:  9    God:    Makhleb [****..]
Gold:   857        SH: 17    Dex: 12    Spells: 11/11 levels left

rFire    . . .     SeeInvis .   a - +0 broad axe (flame)
rCold    . . .     Faith    .   c - +0 kite shield
rNeg     . . .     Spirit   .   g - +0 plate armour
rPois    .         Reflect  +   K - +2 helmet
rElec    .         Harm     .   E - +1 cloak {MR+}
rCorr    .                      b - +2 pair of gloves
MR       +++..                  e - +0 pair of boots
Stlth    ..........             B - amulet of reflection
HPRegen  0.00/turn              m - ring of protection from magic
MPRegen  0.09/turn              (no ring)

@: non-regenerating
A: damage resistance, heal wounds, sense surroundings 2, no regeneration
a: Heal Wounds, Minor Destruction, Lesser Servant of Makhleb, Major Destruction,
Renounce Religion


You were on level 2 of the Orcish Mines.
You worshipped Makhleb.
Makhleb was greatly pleased with you.
You visited 3 branches of the dungeon, and saw 15 of its levels.

You collected 857 gold pieces.

Inventory:

Hand Weapons
 a - a +0 broad axe of flaming (weapon)
 C - a +1 dagger of distortion
Missiles
 o - 3 throwing nets (quivered)
Armour
 b - a +2 pair of gloves (worn)
 c - a +0 kite shield (worn)
 e - a +0 pair of boots (worn)
 g - a +0 plate armour (worn)
 y - a +0 chain mail
 E - a +1 cloak of magic resistance (worn)
 K - a +2 helmet (worn)
 N - the +2 chain mail "Fikati" {*Corrode rElec rC+ Str+2}
   (You found it on level 12 of the Dungeon)

   It affects your strength (+2).
   It protects you from cold.
   It insulates you from electricity.
   It may corrode you when you take damage.
Jewellery
 m - a ring of protection from magic (left hand)
 B - an amulet of reflection (around neck)
Wands
 q - a wand of digging (10) {@v3}
 t - a wand of flame (6) {@v4}
 v - a wand of polymorph (2)
Scrolls
 i - 7 scrolls of teleportation {@r3}
 l - a scroll of fog
 r - a scroll of enchant armour
 s - a scroll of blinking
 u - 2 scrolls of remove curse {@r2}
 z - 3 scrolls of identify {@r1}
 H - a scroll of immolation {@r4}
 O - a scroll of holy word
Potions
 d - 6 potions of might {@q3}
 f - a potion of mutation
 j - 3 potions of haste {@q4}
 k - 7 potions of heal wounds {@q2}
 p - a potion of invisibility
 w - 6 potions of curing {@q1}
 x - 3 potions of berserk rage
 A - 4 potions of flight
 F - 2 potions of cancellation
 L - a potion of lignification {@q7}


   Skills:
 + Level 8.4 Fighting
 * Level 13.1 Axes
 + Level 10.0 Armour
 + Level 10.0 Shields
 + Level 9.8 Invocations


You had 11 spell levels left.
You didn't know any spells.
Your spell library contained the following spells:

 Spells                   Type           Power        Failure   Level
 Beastly Appendage        Tmut           #.....       100%        1
 Magic Dart               Conj           #...         100%        1
 Sting                    Tmut/Pois      #...         100%        1
 Blink                    Tloc           N/A          100%        2
 Call Imp                 Summ           #.......     100%        2
 Poisonous Vapours        Pois/Air       #.....       100%        2
 Slow                     Hex            #.......     100%        2
 Wereblood                Tmut           #.......     100%        2
 Conjure Flame            Conj/Fire      #.......     100%        3
 Ignite Poison            Fire/Tmut/Pois #.......     100%        3
 Mephitic Cloud           Conj/Pois/Air  #.......     100%        3
 Spider Form              Tmut/Pois      #.........   100%        3
 Ice Form                 Ice/Tmut       #.......     100%        4
 Olgreb's Toxic Radiance  Pois           #.......     100%        4
 Blade Hands              Tmut           #.........   100%        5
 Freezing Cloud           Conj/Ice/Air   #.........   100%        6


Dungeon Overview and Level Annotations

Branches:
Dungeon (12/15)            Temple (1/1) D:5            Lair (0/6) D:10
    Orc (2/2) D:9
    Elf: Orc:2

Altars:
Cheibriados
Dithmenos
Elyvilon
Fedhas
Gozag
Hepliaklqana
Kikubaaqudgha
Makhleb
Nemelex Xobeh
Okawaru
Qazlal
Sif Muna
Trog
Uskayaw
Wu Jian
Xom
The Shining One

Annotations:
Orc:2 Donald


Innate Abilities, Weirdness & Mutations

You are resistant to damage.
You can heal yourself by infusing magical energy.
You passively map the area around you.
You do not regenerate.


Message History

The troll is severely wounded.
You block the orc warrior's attack. You block the troll's attack.
The troll claws you but does no damage. x2
The orc sorcerer mumbles some strange words.
The orc wizard gestures wildly while chanting.
The orc wizard flickers and vanishes!
Deactivating autopickup; reactivate with Ctrl-A.
The orc warrior barely misses you. x2
You hit the troll. You burn the troll.
The troll is almost dead.
You slash the chaos spawn! You burn the chaos spawn.
You block the orc warrior's attack.
Donald the Adventurer comes into view.
He is wielding a +1 scimitar of holy wrath and wearing a +2 chain mail of fire resistance.
The troll bites you but does no damage.
The troll claws you but does no damage. x2
An orc comes into view. It is wielding a +0 flail.
The orc warrior barely misses you.
Donald shouts!
You hear a shout!
An orc warrior comes into view. It is wielding a +0 long sword.
Donald mumbles some strange words.
Donald seems to grow stronger.
A puff of flame appears from out of thin air!
The puff of flame hits you but does no damage.
You block the warg's attack.
An orc comes into view. It is wielding a +0 mace.
There is a stone staircase leading up here.
Really read the scroll of immolation?
As you read the scroll of immolation {@r4}, it crumbles to dust.
The creatures around you are filled with an inner flame!
The warg barely misses you.
Donald says, "I hate suffering."
You block the troll's attack. x3
The orc warrior hits you from afar with a +0 halberd!
Evoke which item? (* to show all) (? for menu, Esc to quit)
Okay, then.
Unknown command.
You closely miss the troll.
The troll is severely wounded.
The orc warrior shouts!
You slash the warg!
Flame seeps out of the warg.
You burn the warg.
Flame seeps out of the warg.
You hear a shout!
The warg is engulfed in blazing flames.
Flame seeps out of the warg.
The warg bites you!
The orc warlord roars a battlecry!
The orcs go into a battle-frenzy!
You block the troll's attack. x2; The troll claws you but does no damage.
The orc priest mumbles some strange prayers to Beogh against you.
Beogh smites you!
The orc warrior hits you from afar with a +0 halberd!
You slash the troll!
Flame seeps out of the troll.
You burn the troll.
Flame seeps out of the troll.
The troll is almost dead.
You hit the ettin but do no damage.
The orc no longer looks unusually strong.
The troll is engulfed in blazing flames.
The troll explodes!
The fiery explosion engulfs you!!
The fiery explosion engulfs the warg!!
The warg explodes!
The fiery explosion engulfs the orc!!!
The orc explodes!
The fiery explosion engulfs the orc!!!
The orc explodes!
Makhleb accepts your kill.
You feel better.
The fiery explosion engulfs the ettin!!
Flame seeps out of the ettin.
The ettin is heavily wounded.
The fiery explosion engulfs you. Makhleb accepts your kill.
You feel better.
The fiery explosion engulfs the orc!!
The orc explodes!
The fiery explosion engulfs the ettin!!
Flame seeps out of the ettin.
The ettin is almost dead.
The fiery explosion engulfs something!!
The fiery explosion engulfs the orc!!
The orc explodes!
The fiery explosion engulfs the orc warrior!!!
The orc warrior explodes!
Makhleb accepts your kill.
You feel better.
The fiery explosion engulfs the orc priest!!
The orc priest explodes!
The fiery explosion engulfs the two-headed ogre!!!
Flame seeps out of the two-headed ogre.
The two-headed ogre is severely wounded.
The fiery explosion engulfs the orc warlord!!
Flame seeps out of the orc warlord.
The orc warlord is moderately wounded.
Makhleb accepts your kill. x2
You feel better. Makhleb accepts your kill.
Reactivating autopickup.
You feel a bit more experienced. Makhleb accepts your kill.
The fiery explosion engulfs the ettin!!!
The ettin explodes!
The fiery explosion engulfs you!!!
* * * LOW HITPOINT WARNING * * *
The fiery explosion engulfs the chaos spawn!!!
The chaos spawn explodes!
The fiery explosion engulfs you!
You die...

*,* ..* , #####.#..
**#..#...... , , #*
.........# #.
##......... ,,
##..##........#, ,
** ##.....§o§.#..#
* *
.....§§@§oo)..##.
*,, ,
##.#§§§°○§O...... ,
, *##§§§§§#o.... ,
#.§§.§§#oo..... ,,,
, ,,
#.o@.§§§§....... ,,
,
,*##o.o.§§§...<...
,
,,,#.....#.........
,, , ,,
......#........., ,
, ,
o............... ,
,,


You could see an orc warlord (inner flame), Donald (inner flame, strong), a
two-headed ogre (inner flame), an orc sorcerer (inner flame, strong), 3 orc
warriors and 4 orcs.

Vanquished Creatures
  Jorgrun (Orc:1)
  Harold (D:7)
  A death knight (D:11)
  A centaur warrior (D:12)
  3 two-headed ogres
  Nergalle (D:12)
  Pikel (D:8)
  2 orc knights
  An ugly thing (D:11)
  2 orc sorcerers (Orc:1)
  A cyclops (D:12)
  A centaur zombie (D:11)
  2 trolls
  A hippogriff (D:11)
  A vampire (D:11)
  A hog (D:11)
  3 yaks (D:10)
  A warg (Orc:1)
  5 porcupines (D:10)
  5 ice beasts
  6 orc warriors
  A necrophage (D:7)
  3 sky beasts
  3 black bears
  A tengu (D:10)
  2 phantoms
  An eye of draining (D:12)
  4 centaurs
  6 ogres
  2 crocodiles (D:10)
  A lemure (D:8)
  2 big kobolds
  8 bullfrogs
  2 wyvern skeletons
  2 scorpions
  6 killer bees
  6 howler monkeys (D:7)
  6 wights
  2 lava snakes (D:9)
  2 quasits (D:9)
  3 bullfrog zombies
  11 orc priests
  4 hounds
  2 jellies
  3 bullfrog skeletons
  Jessica (D:2)
  4 centaur skeletons
  Natasha (D:3)
  5 iguanas
  17 worker ants
  Ijyb (D:3)
  14 orc wizards
  A hound zombie (D:7)
  3 hound skeletons
  9 adders
  10 gnolls
  2 shadow imps
  A white imp (D:5)
  2 ufetubi
  An ooze (D:1)
  3 adder skeletons
  A dart slug (D:3)
  5 leopard geckos
  61 orcs
  2 giant cockroaches
  A goblin (D:2)
  8 hobgoblins
  10 jackals
  2 quokkas
  3 ball pythons (D:4)
  A bat (D:1)
  6 frilled lizards
  2 jackal zombies
  10 kobolds
  A rat (D:1)
312 creatures vanquished.

Vanquished Creatures (collateral kills)
  A hydra (D:12)
  A two-headed ogre (D:12)
  A necrophage (D:11)
  A wyvern skeleton (D:12)
  An orc priest (Orc:1)
  An orc (Orc:1)
6 creatures vanquished.

Vanquished Creatures (others)
  A human (D:4)
  An orc (Orc:1)
  29 fungi (D:10)
  17 plants (D:10)
48 creatures vanquished.

Grand Total: 366 creatures vanquished

Notes
Turn   | Place    | Note
-------+----------+-------------------------------------------
     0 | D:1      | EnegeticOcto the Deep Dwarf Fighter began the quest for the
                  | Orb.
     0 | D:1      | Reached XP level 1. HP: 20/20 MP: 1/1
   124 | D:1      | Reached XP level 2. HP: 21/27 MP: 2/2
   328 | D:2      | Noticed Jessica
   332 | D:2      | Killed Jessica
   332 | D:2      | Reached skill level 3 in Axes
   332 | D:2      | Reached XP level 3. HP: 14/34 MP: 3/3
   379 | D:3      | Noticed Ijyb
   419 | D:3      | Killed Ijyb
   419 | D:3      | Reached XP level 4. HP: 24/42 MP: 4/4
   451 | D:3      | Noticed Natasha
   471 | D:3      | Killed Natasha
   471 | D:3      | Reached skill level 4 in Axes
   471 | D:3      | Reached XP level 5. HP: 37/49 MP: 5/5
   541 | D:3      | Found a hazy altar of Hepliaklqana.
   554 | D:4      | Noticed a centaur
   562 | D:4      | Killed a centaur
   595 | D:4      | Found an ancient bone altar of Kikubaaqudgha.
   595 | D:4      | Noticed a human
   602 | D:4      | Killed a human
   707 | D:4      | Reached XP level 6. HP: 33/56 MP: 4/4
   829 | D:4      | Reached skill level 5 in Axes
  1137 | D:4      | Reached XP level 7. HP: 60/64 MP: 2/2
  1142 | D:4      | Reached skill level 5 in Shields
  1351 | D:5      | Entered Level 5 of the Dungeon
  1358 | D:5      | Reached skill level 5 in Armour
  1370 | D:5      | Reached skill level 6 in Axes
  1486 | D:5      | Reached XP level 8. HP: 32/73 MP: 3/3
  1524 | D:5      | Found a stormy altar of Qazlal.
  1585 | D:5      | Found a staircase to the Ecumenical Temple.
  1773 | Temple   | Entered the Ecumenical Temple
  1799 | Temple   | Became a worshipper of Makhleb the Destroyer
  2063 | D:6      | Reached skill level 7 in Axes
  2130 | D:6      | Reached skill level 1 in Invocations
  2380 | D:6      | Reached skill level 5 in Fighting
  2660 | D:6      | Reached * piety under Makhleb
  2743 | D:6      | Found a shimmering blue altar of Sif Muna.
  2795 | D:7      | Found a shimmering altar of Xom.
  2795 | D:7      | Noticed Harold
  2839 | D:7      | Killed Harold
  2839 | D:7      | Reached skill level 8 in Axes
  2839 | D:7      | Gained mutation: You passively map the area around you.
                  | [Deep Dwarf growth]
  2839 | D:7      | Reached XP level 9. HP: 37/81 MP: 5/7
  2873 | D:7      | Reached skill level 9 in Axes
  2920 | D:7      | Reached skill level 5 in Invocations
  3014 | D:7      | Found a blossoming altar of Fedhas.
  3014 | D:7      | Found a glowing golden altar of the Shining One.
  3097 | D:7      | Found a white marble altar of Elyvilon.
  3216 | D:7      | Found an opulent altar of Gozag.
  3345 | D:7      | You fall into a shaft and drop 3 floors!
  3345 | D:10     | Entered Level 10 of the Dungeon
  3363 | D:9      | Reached ** piety under Makhleb
  3414 | D:8      | Noticed Pikel
  3428 | D:8      | Killed Pikel
  3428 | D:8      | Reached XP level 10. HP: 79/91 MP: 4/4
  3640 | D:8      | Reached skill level 10 in Axes
  4073 | D:8      | Found an ornate altar of the Wu Jian Council.
  4073 | D:8      | Noticed a two-headed ogre
  4087 | D:8      | Killed a two-headed ogre
  4572 | D:9      | Reached *** piety under Makhleb
  4913 | D:9      | Found a staircase to the Orcish Mines.
  5003 | D:10     | Reached skill level 11 in Axes
  5012 | D:10     | Found a staircase to the Lair.
  5112 | D:10     | Noticed Maurice
  5121 | D:10     | Noticed Maurice
  5121 | D:10     | Maurice changed into Maurice the tengu
  5137 | D:10     | Killed Maurice the tengu
  5326 | D:10     | Reached XP level 11. HP: 100/100 MP: 4/4
  5630 | D:11     | Noticed Sonja
  5630 | D:11     | Noticed a green ugly thing
  5649 | D:11     | Noticed Sonja
  5649 | D:11     | Sonja changed into Sonja the hog
  5658 | D:11     | Killed a green ugly thing
  5660 | D:11     | Killed Sonja the hog
  5823 | D:11     | Noticed a two-headed ogre
  5834 | D:11     | Killed a two-headed ogre
  5865 | D:11     | Noticed a two-headed ogre
  5880 | D:11     | Killed a two-headed ogre
  5984 | D:11     | Noticed a death knight
  6016 | D:11     | Killed a death knight
  6016 | D:11     | Reached skill level 12 in Axes
  6414 | D:12     | Reached **** piety under Makhleb
  6520 | D:12     | Got a spiked chain mail
  6531 | D:12     | Identified the +2 chain mail "Fikati" {*Corrode rElec rC+
                  | Str+2} (You found it on level 12 of the Dungeon)
  6548 | D:12     | Noticed Nergalle
  6571 | D:12     | Killed Nergalle
  6829 | D:12     | Noticed a centaur warrior
  6841 | D:12     | Killed a centaur warrior
  6969 | D:12     | Noticed an eight-headed hydra
  6972 | D:12     | Noticed a two-headed ogre
  6975 | D:12     | Killed an eight-headed hydra
  6980 | D:12     | Killed a two-headed ogre
  7094 | D:12     | Identified a scroll of acquirement
  7094 | D:12     | Acquired a +0 broad axe of flaming
  7214 | Orc:1    | Entered Level 1 of the Orcish Mines
  7215 | Orc:1    | Noticed an orc sorcerer
  7217 | Orc:1    | Noticed an orc knight
  7232 | Orc:1    | HP: 3/103 [orc sorcerer/bolt of fire (34)]
  7252 | D:9      | Killed an orc knight
  7268 | D:9      | Reached XP level 12. HP: 107/110 MP: 4/4
  7377 | Orc:1    | Noticed Jorgrun
  7394 | Orc:1    | Killed Jorgrun
  7394 | Orc:1    | Reached skill level 13 in Axes
  7394 | Orc:1    | Reached skill level 10 in Shields
  7398 | Orc:1    | Reached skill level 10 in Armour
  7530 | Orc:2    | Entered Level 2 of the Orcish Mines
  7530 | Orc:2    | Noticed an orc warlord
  7534 | Orc:2    | Noticed an ettin
  7539 | Orc:2    | Noticed a two-headed ogre
  7541 | Orc:2    | Noticed Donald
  7546 | Orc:2    | Killed an ettin
  7546 | Orc:2    | HP: 1/112 [ettin/exploding inner flame[the player
                  | character] (48)]
  7546 | Orc:2    | Killed from afar by a chaos spawn

Illustrated notes

Levels and vault maps discovered:
D:1:      dpeg_arrival_lava_temple_mockup, layout_basic, minmay_misc_feat_rows,
          minmay_misc_feat_diagonals, minmay_split_cup_large
D:2:      layout_basic, uniq_jessica, uniq_terence
D:3:      layout_basic, marbit_many_paths, gammafunk_ghost_arena,
          cheibrodos_sewer_entry_bend, serial_bayou_pond_c,
          hangedman_abyss_or_decor_stabs, minmay_fractal_squares_gapless_5,
          uniq_grinder, uniq_ijyb, uniq_natasha
D:4:      layout_loops_cross, tgw_kikubaaqudgha
D:5:      layout_rooms, grunt_qazlal_clouds, minmay_temple_entry_butterflies
D:6:      minmay_spotlight, layout_loops_ring, lemuel_blue_sif_altar,
          st_stairs_5, sigmund_army
D:7:      layout_cave_pools, nicolae_gozag_cash_rules_everything_around_me,
          xom_teletrap_fun, nicolae_overflow_hidden_temple, old_standard_altar,
          uniq_harold
D:8:      layout_cave_pods, kennysheep_little_box, uniq_pikel
D:9:      layout_roguey, orc_0_dummy, kennysheep_boxes
D:10:     layout_irregular_city, due_lair_maze_entry_diamond, st_stairs_3,
          uniq_maurice
D:11:     layout_gridville, serial_park_tiny_pond, uniq_sonja
D:12:     layout_cave_pods, uniq_nergalle
Temple:   dshaligram_water_room_temple
Orc:1:    layout_diamond_mine, trog_book, uniq_erolcha, uniq_jorgrun
Orc:2:    st_orc_town, layout_caves, portal_ice_cave_entry_ice_beasts,
          uniq_donald, uniq_azrael

Skill      XL: |  1  2  3  4  5  6  7  8  9 10 11 12 |
---------------+-------------------------------------+-----
Fighting       | 3 4 5 6 7 8 |  8.4
Axes           | 3 4 5 6 8 9 11 12 13 | 13.1
Shields        | 4 5 6 7 8 9 10 | 10.0
Armour         | 4 5 6 7 8 9 10 | 10.0
Invocations    | 4 5 7 9 |  9.8

Action                   |  1- 3 |  4- 6 |  7- 9 | 10-12 || total
-------------------------+-------+-------+-------+-------++-------
Melee: War axe           |    28 |   185 |   364 |   515 ||  1092
       Unarmed           |    22 |       |       |       ||    22
       Broad axe         |       |       |       |   115 ||   115
Invok: Lesser Servant of |       |       |       |     6 ||     6
 Abil: Heal Wounds       |     3 |     9 |    21 |    32 ||    65
Evoke: Wand              |       |       |       |     7 ||     7
  Use: Scroll            |       |       |       |    27 ||    27
 Stab: Distracted        |       |       |       |     2 ||     2
Armor: Scale mail        |    14 |   110 |    81 |       ||   205
       Chain mail        |       |       |   206 |   267 ||   473
       Plate armour      |       |       |       |    13 ||    13
Dodge: Dodged            |    61 |    66 |   156 |   131 ||   414
Block: Kite shield       |    17 |    79 |   321 |   558 ||   975
       Reflection        |       |       |       |    24 ||    24

Table legend: (Time is in decaauts)
 A = Elapsed time spent in this place.
 B = Non-inter-level travel time spent in this place.
 C = Inter-level travel time spent in this place.
 D = Time resting spent in this place.
 E = Time spent auto-exploring this place.
 F = Levels seen in this place.
 G = Mean time per level.
                   A        B        C        D        E       F      G
               +--------+--------+--------+--------+--------+-----+--------+
         Total |   7685 |   7174 |    511 |      0 |   4904 |  15 |  512.3 |
       Dungeon |   7347 |   6883 |    464 |      0 |   4780 |  12 |  612.2 |
        Temple |     42 |     27 |     15 |      0 |      0 |   1 |   42.0 |
  Orcish Mines |    295 |    264 |     31 |      0 |    124 |   2 |  147.5 |
               +--------+--------+--------+--------+--------+-----+--------+

Top non-repeatable levels by time:
     D:8: 862 daAuts
     D:6: 862 daAuts
     D:4: 852 daAuts
    D:12: 793 daAuts
    D:11: 766 daAuts
     D:7: 717 daAuts
     D:9: 690 daAuts
    D:10: 644 daAuts
     D:5: 580 daAuts
   Orc:1: 280 daAuts
     D:2: 231 daAuts
     D:3: 187 daAuts
     D:1: 158 daAuts
  Temple: 42 daAuts
   Orc:2: 15 daAuts
